 Dungeon Crawl Stone Soup version 0.31-a0-844-gdc52ec4e09 (webtiles) character file.

Game seed: 12114284999999890812

15701 Newt the Cruncher (level 12, 0/81 HPs)
             Began as a Demonspawn Gladiator on Sept 30, 2023.
             Was a Believer of Hepliaklqana.
             Slain by a worldbinder (4 damage)
             ... on level 11 of the Dungeon.
             The game lasted 00:17:46 (13909 turns).

Newt the Cruncher (Demonspawn Gladiator)           Turns: 13909, Time: 00:17:47

Health: 0/81       AC:  8    Str: 22    XL:     12   Next: 3%
Magic:  19/19      EV: 19    Int: 13    God:    Hepliaklqana [**....]
Gold:   556        SH:  5    Dex: 21    Spells: 20/20 levels left

rFire   . . .        g - +9 staff of Olgreb {rPois∞}
rCold   . . .        (no shield)
rNeg    . . .        S - +2 robe {Will+}
rPois   ∞            (helmet restricted)
rElec   .            K - +0 cloak
rCorr   .            r - +0 pair of gloves
SInv    .            (no boots)
Will    +....        G - amulet of reflection
Stlth   ++           v - +6 ring of dexterity
HPRegen 0.33/turn    H - +6 ring of strength
MPRegen 0.16/turn

%: reflection
@: brilliant, on berserk cooldown, slowed, very slow
A: reduced essence, antennae 1, demonic guardian 2, sharp scales 2
a: Renounce Religion, Evoke the Staff of Olgreb, Ancestor Life: Knight, Ancestor
Life: Battlemage, Ancestor Life: Hexer, Recall Ancestor, Ancestor Identity


You were on level 11 of the Dungeon.
You worshipped Hepliaklqana.
Hepliaklqana was pleased with you.
You visited 2 branches of the dungeon, and saw 12 of its levels.
You visited the Abyss 1 time.
You also visited: Ossuary and Bailey.

You collected 746 gold pieces.
You spent 190 gold pieces at shops.

Inventory:

Hand Weapons
 a - a +0 rapier
 g - the +9 staff of Olgreb (weapon) {rPois∞}
   (You acquired it on level 3 of the Dungeon)

   Radiate:   It can be activated via the 'a'bility menu to radiate toxic
   energy, with effectiveness depending on Evocations skill.
   Pois:      It enhances your poison magic.
   rPois∞: It grants immunity to poison.
Missiles
 d - 3 throwing nets
 e - a javelin
 j - 24 poisoned darts
 u - 18 boomerangs
Armour
 b - a +0 leather armour
 c - a +0 helmet
 h - a scarf of invisibility
 r - a +0 pair of gloves (worn)
 K - a +0 cloak (worn)
 N - +0 acid dragon scales
 S - a +2 robe of willpower (worn)
Jewellery
 v - a +6 ring of dexterity (left hand)
 G - an amulet of reflection (around neck)
 H - a +6 ring of strength (right hand)
 P - an amulet of faith
 U - a ring of see invisible
Wands
 E - a wand of mindburst (7)
 J - a wand of charming (13)
 O - a wand of flame (30)
Scrolls
 l - 2 scrolls of noise
 m - a scroll of silence {unknown}
 q - 2 scrolls of brand weapon {unknown}
 s - 5 scrolls of fear
 t - 2 scrolls of blinking {unknown}
 w - 8 scrolls of teleportation
 y - a scroll of immolation {unknown}
 B - 2 scrolls of enchant weapon {unknown}
 F - a scroll of vulnerability
 L - a scroll of revelation {unknown}
 R - a scroll of poison {unknown}
 T - a scroll of identify
 V - a scroll of enchant armour {unknown}
Potions
 f - 3 potions of mutation
 i - 2 potions of lignification
 k - 2 potions of attraction
 n - 2 potions of berserk rage
 o - 3 potions of magic {unknown}
 p - a potion of degeneration
 x - a potion of cancellation
 z - a potion of ambrosia
 A - 5 potions of heal wounds
 C - 2 potions of experience {unknown}
 D - 4 potions of brilliance
 I - a potion of curing
 M - 3 potions of might {unknown}
 Q - 2 potions of enlightenment {unknown}


   Skills:
 - Level 7.0 Fighting
 - Level 3.7 Short Blades
 - Level 10.0 Staves
 - Level 1.7 Throwing
 * Level 9.4 Dodging
 - Level 4.7 Spellcasting
 - Level 10.0 Evocations


You had 20 spell levels left.
You didn't know any spells.
Your spell library contained the following spells:

 Spells                   Type           Power      Damage    Failure   Level
 Freeze                   Ice            16%        1d4       19%         1
 Frozen Ramparts          Ice            8%         1d2       50%         3
 Hailstorm                Conj/Ice       4%         3d4       50%         3


Dungeon Overview and Level Annotations

Branches:
Dungeon (11/15)            Temple (1/1) D:6            Lair (0/5) D:10
Ossuary (visited)          Bailey (visited)
    Orc: D:9-12

Altars:
Ashenzari
Cheibriados
Dithmenos
Fedhas
Gozag
Hepliaklqana
Kikubaaqudgha
Makhleb
Nemelex Xobeh
Okawaru
Qazlal
Ru
Sif Muna
Trog
Uskayaw
Vehumet
Wu Jian
Xom
Yredelemnul

Shops:
D:7 *   D:9 =


Innate Abilities, Weirdness & Mutations

Your life essence is reduced to manifest your ancestor. (-10% HP)
You have a pair of small antennae on your head.
A demonic guardian rushes to your aid.
You are mostly covered in razor-sharp scales. (AC +2, Slay +2)


Message History

The worldbinder hits you but does no damage.
The iron imp hits your soul eater but does no damage.
The green death hits you!
Your soul eater hits the iron imp.
The worldbinder completely misses you.
The worldbinder hits you but does no damage.
The freezing wraith disappears in a puff of smoke!
The green death hits you but does no damage.
A large abomination comes into view.
The iron imp barely misses your soul eater.
You block the green death's attack. The worldbinder completely misses you.
The worldbinder hits you.
Your soul eater hits the iron imp!
There is a gateway leading out of the Abyss here.
The worldbinder calls forth creatures from the Crypt!
The green death hits you!!
* * * LOW HITPOINT WARNING * * *
The large abomination closely misses you.
The iron imp hits your soul eater but does no damage.
Your soul eater hits the iron imp!!
The iron imp dies!
The worldbinder closely misses you. The worldbinder completely misses you.
You pass through the gate.
Welcome back to the Dungeon!
The skeletal warrior disappears in a puff of smoke!
The freezing wraith disappears in a puff of smoke!
The necromancer disappears in a puff of smoke!
Unknown command.
As you read the scroll of fear, it crumbles to dust.
You assume a fearsome visage.
The wizard looks frightened!
The worldbinder is unaffected.
The green death resists with almost no effort.
The large abomination is unaffected.
The shadow is unaffected.
The worldbinder barely misses you. x2
The green death hits you but does no damage.
The wizard mumbles some strange words.
The wizard flickers and vanishes!
Deactivating autopickup; reactivate with Ctrl-A.
The large abomination hits you!
* * * LOW HITPOINT WARNING * * *
The worldbinder hits you.
You die...

... #... #...######
... .........#####..!.
.........x@2..#
#.#.......#.#.#X#.#.{#
................W.# #
.#.......#.#.#.#.# . .
................#..
#.........#.#.#.#....
#..#..................
..........#.#.#.#.##..
.####.............# ##


You could see a green death, a large abomination, a worldbinder and a shadow.

Vanquished Creatures
  2 vault guards (Bailey)
  Erolcha (D:9)
  Erica (D:8)
  A two-headed ogre (D:8)
  An orange crystal statue (D:9)
  Pikel (D:4)
  Maurice (D:8)
  An ice statue (D:10)
  Maggie (D:8)
  A komodo dragon (D:10)
  A hornet (D:7)
  Grinder (D:4)
  Prince Ribbit (Bailey)
  Sigmund (D:5)
  Eustachio (D:4)
  2 wyverns
  18 yaks
  4 humans (Bailey)
  A steam dragon (D:6)
  4 water moccasins
  An acid dragon (D:8)
  4 orc warriors
  2 sky beasts
  2 ogres
  A wolf (D:8)
  4 centaurs
  A phantom (D:6)
  5 kobold brigands
  13 bullfrogs
  A gnoll sergeant (D:9)
  2 scorpions
  3 howler monkeys
  6 centaur zombies (Ossuary)
  2 hounds
  3 jellies
  3 gnoll boudas
  Crazy Yiuf (D:5)
  2 orc priests
  A sleepcap (D:6)
  An iguana (D:7)
  12 orc wizards
  5 mummies (Ossuary)
  19 gnolls
  6 adders
  A white imp (Abyss:2)
  2 worms
  A dart slug (D:3)
  36 orcs
  9 ball pythons
  12 endoplasms
  2 giant cockroaches
  12 goblins
  11 hobgoblins
  4 jackals
  18 kobolds
  4 quokkas
  4 bats
  A frilled lizard (D:1)
  4 hobgoblin zombies (Ossuary)
  A kobold zombie (D:8)
  7 rats
274 creatures vanquished.

Vanquished Creatures (collateral kills)
  An unseen horror (D:10)
  2 slime creatures (D:6)
  A vampire (D:11)
  A wraith (D:10)
  A yak (D:11)
  Grum (D:8)
  An orc warrior (D:7)
  An ice beast (D:7)
  A wolf (D:8)
  A bullfrog (Bailey)
  A howler monkey (D:10)
  A centaur zombie (Ossuary)
  An iron imp (Abyss:2)
  2 jellies (D:6)
  A mummy (Ossuary)
  A gnoll (D:3)
  An orc (D:7)
  5 endoplasms (D:6)
  A rat (D:2)
25 creatures vanquished.

Vanquished Creatures (others)
  An ancestor (Abyss:2)
1 creature vanquished.

Grand Total: 300 creatures vanquished

Notes
Turn   | Place    | Note
-------+----------+-------------------------------------------
     0 | D:1      | Newt the Demonspawn Gladiator began the quest for the Orb.
     0 | D:1      | Reached XP level 1. HP: 16/16 MP: 1/1
   246 | D:1      | Gained mutation: You are partially covered in razor-sharp
                  | scales. (AC +1, Slay +1) [demonic ancestry]
   246 | D:1      | Reached XP level 2. HP: 18/23 MP: 2/2
  1111 | D:1      | Gained mutation: A weak demonic guardian rushes to your
                  | aid. [demonic ancestry]
  1111 | D:1      | Reached XP level 3. HP: 25/29 MP: 3/3
  1256 | D:1      | Found a faded altar of an unknown god.
  2014 | D:3      | Identified a scroll of acquirement
  2014 | D:3      | Acquired the +9 staff of Olgreb {rPois∞}
  2014 | D:3      | Found the +9 staff of Olgreb {rPois∞}
  2360 | D:3      | Reached XP level 4. HP: 37/37 MP: 4/4
  2738 | D:3      | Reached skill level 1 in Staves
  2975 | D:3      | Gained mutation: You are mostly covered in razor-sharp
                  | scales. (AC +2, Slay +2) [demonic ancestry]
  2975 | D:3      | Reached XP level 5. HP: 34/42 MP: 5/5
  3103 | D:4      | Noticed a centaur
  3110 | D:4      | Killed a centaur
  3246 | D:4      | Reached XP level 6. HP: 46/48 MP: 1/6
  3402 | D:4      | Noticed Pikel
  3423 | D:4      | Killed Pikel
  3424 | D:4      | Gained mutation: A demonic guardian rushes to your aid.
                  | [demonic ancestry]
  3424 | D:4      | Reached XP level 7. HP: 26/54 MP: 1/14
  3677 | D:4      | Noticed Grinder
  3698 | D:4      | Killed Grinder
  3989 | D:4      | You fall into a shaft and drop 3 floors!
  3989 | D:7      | Found a shimmering blue altar of Sif Muna.
  3999 | D:7      | Gained mutation: You have a pair of small antennae on your
                  | head. [demonic ancestry]
  3999 | D:7      | Reached XP level 8. HP: 50/60 MP: 15/15
  4036 | D:7      | Reached skill level 5 in Evocations
  4371 | D:7      | Found Sabiprev's Assorted Antiques.
  4379 | D:7      | Bought a glowing scarf for 152 gold pieces
  4379 | D:7      | Bought a scroll of identify for 38 gold pieces
  4551 | D:7      | Found a burning altar of Makhleb.
  4554 | D:7      | Found an ancient bone altar of Kikubaaqudgha.
  4557 | D:7      | Found a sacrificial altar of Ru.
  4683 | D:7      | Found a flagged portal.
  4690 | Bailey   | Entered a bailey
  4757 | Bailey   | Reached XP level 9. HP: 31/65 MP: 11/16
  4762 | Bailey   | Reached skill level 5 in Dodging
  4940 | Bailey   | Reached skill level 5 in Staves
  5145 | Bailey   | Noticed a vault guard
  5145 | Bailey   | Noticed Prince Ribbit
  5154 | Bailey   | Killed Prince Ribbit
  5165 | Bailey   | Killed a vault guard
  5269 | Bailey   | Noticed a vault guard
  5289 | Bailey   | Killed a vault guard
  5290 | Bailey   | Reached XP level 10. HP: 39/79 MP: 7/17
  5683 | D:6      | Found a staircase to the Ecumenical Temple.
  5702 | Temple   | Entered the Ecumenical Temple
  7035 | D:5      | Entered Level 5 of the Dungeon
  7256 | D:5      | Noticed Sigmund
  7262 | D:5      | Killed Sigmund
  7637 | D:5      | Found a runed translucent door.
  7638 | D:5      | Noticed Crazy Yiuf
  8214 | D:5      | Killed Crazy Yiuf
  8215 | D:5      | Reached skill level 10 in Staves
  8452 | D:4      | Noticed Eustachio
  8464 | D:4      | Killed Eustachio
  9330 | D:8      | Noticed Grum
  9334 | D:8      | Killed Grum
  9344 | D:8      | Reached XP level 11. HP: 62/84 MP: 6/18
  9488 | D:8      | Noticed Erica
  9494 | D:8      | Killed Erica
  9497 | D:8      | Found a sand-covered staircase.
  9506 | Ossuary  | Entered an ossuary
  9731 | D:8      | Noticed Maurice
  9737 | D:8      | Maurice stole an amulet of faith
  9740 | D:8      | Maurice stole 15 boomerangs
  9741 | D:8      | Maurice stole a +0 rapier
  9744 | D:8      | Maurice stole 67 gold
  9745 | D:8      | Killed Maurice
  9782 | D:8      | Noticed Maggie
  9791 | D:8      | Killed Maggie
  9792 | D:8      | Reached skill level 10 in Evocations
 10165 | D:9      | Noticed an orange crystal statue
 10167 | D:9      | Noticed a two-headed ogre
 10180 | D:8      | Killed a two-headed ogre
 10273 | D:9      | Noticed a two-headed ogre
 10723 | D:9      | Noticed Erolcha
 10734 | D:9      | Killed Erolcha
 10991 | D:9      | Found Etzir's Jewellery Shop.
 10993 | D:9      | Found a hazy altar of Hepliaklqana.
 11005 | D:9      | Found a basalt altar of Yredelemnul.
 11240 | D:9      | Became a worshipper of Hepliaklqana the Forgotten
 11731 | D:9      | Noticed a two-headed ogre
 11754 | D:9      | Killed an orange crystal statue
 11980 | D:10     | Entered Level 10 of the Dungeon
 12494 | D:10     | Found a staircase to the Lair.
 12645 | D:10     | Reached * piety under Hepliaklqana
 13344 | D:11     | Reached XP level 12. HP: 81/81 MP: 14/19
 13770 | D:11     | Identified the +8 chain mail of Lightning Storm {rC- rN+
                  | Str+5}
 13798 | Abyss:2  | Cast into level 2 of the Abyss (a wizard)
 13820 | Abyss:2  | Found a corrupted altar of Lugonu.
 13856 | Abyss:2  | Reached ** piety under Hepliaklqana
 13904 | Abyss:2  | Noticed a green death
 13908 | D:11     | Escaped the Abyss
 13909 | D:11     | HP: 4/81 [large abomination (11)]
 13909 | D:11     | Slain by a worldbinder

Illustrated notes

Levels and vault maps discovered:
D:1:      dpeg_arrival_radiant, layout_basic,
          shapermc_ecumenical_altar_mp_vishouse, nicolae_titane
D:2:      layout_basic
D:3:      layout_basic, item_on_display_a
D:4:      minmay_wonky_spiral, layout_loops_ring, uniq_grinder, uniq_eustachio,
          uniq_pikel
D:5:      cheibrodos_quashed, layout_basic, minmay_misc_feat_room,
          minmay_crystal_room, uniq_crazy_yiuf_cottage, uniq_sigmund
D:6:      cheibrodos_fertilizer, layout_basic, minmay_temple_entry_overgrown,
          minmay_pentangle
D:7:      layout_rooms, grunt_temple_overflow_cloverleaf, enter_bailey_4,
          serial_shops, shop, skrybe_limestone_x, minmay_misc_feat_four_crosses,
          dreamdust_princess_corridor, lightli_minifort
D:8:      layout_basic, enter_ossuary_3, minmay_stone_trees_small,
          lemuel_flame_loot_1, uniq_erica, uniq_maggie, uniq_maurice, uniq_grum
D:9:      layout_grid_maze, mainiacjoe_overflow_catwalk_spiral, serial_shops,
          shop, minivault_16, uniq_erolcha
D:10:     nicolae_cairo_tiling_very_big, layout_layer_cave, david_lair_shrubbed,
          minivault_16
D:11:     minmay_smoke_and_mirrors, layout_cave_pools, serial_glass,
          glass_columns_b, glass_columns_c, glass_columns_a, glass_columns_b,
          glass_columns_c, glass_columns_b, glass_columns_b, glass_columns_a,
          uniq_amaemon
Temple:   nicolae_temple_bog_church

Skill      XL: |  1  2  3  4  5  6  7  8  9 10 11 |
---------------+----------------------------------+-----
Fighting       | 3 4 7 |  7.0
Short Blades   | 3 |  3.7
Staves         | 1 3 4 7 10 | 10.0
Spellcasting   | 4 |  4.7
Evocations     | 4 7 8 10 | 10.0
Dodging        | 4 5 9 |  9.4
Throwing       | |  1.7

Action                     |  1- 3 |  4- 6 |  7- 9 | 10-12 || total
---------------------------+-------+-------+-------+-------++-------
  Melee: Rapier            |   125 |       |       |       ||   125
         Staff             |     7 |    40 |    93 |   337 ||   477
         Punch             |     1 |       |     2 |     2 ||     5
  Throw: Javelin           |       |     1 |       |       ||     1
         Throwing net      |       |       |     4 |       ||     4
 Invoke: Recall Ancestor   |       |       |       |     1 ||     1
Ability: Evoke the Staff o |       |     6 |    19 |    57 ||    82
    Use: Scroll            |     3 |       |     3 |     6 ||    12
         Potion            |       |       |       |     6 ||     6
   Stab: Sleeping          |     1 |       |     2 |     4 ||     7
         Distracted        |     1 |       |       |       ||     1
         Held in net/web   |       |       |     5 |       ||     5
 Armour: Leather armour    |    82 |    43 |    70 |    89 ||   284
         Robe              |       |       |       |    63 ||    63
         Skin              |       |       |       |     8 ||     8
  Dodge: Dodged            |    83 |    24 |    67 |   204 ||   378
  Block: Other             |       |       |       |    37 ||    37
         Reflection        |       |       |       |     2 ||     2

Table legend: (Time is in decaauts)
 A = Elapsed time spent in this place.
 B = Non-inter-level travel time spent in this place.
 C = Inter-level travel time spent in this place.
 D = Time resting spent in this place.
 E = Time spent auto-exploring this place.
 F = Levels seen in this place.
 G = Mean time per level.
                   A        B        C        D        E       F      G
               +--------+--------+--------+--------+--------+-----+--------+
         Total |  13837 |  13311 |    526 |   2348 |   8981 |  15 |  922.5 |
       Dungeon |  12631 |  12114 |    517 |   1825 |   8554 |  11 | 1148.3 |
        Temple |     18 |      9 |      9 |      0 |      0 |   1 |   18.0 |
         Abyss |    109 |    109 |      0 |      0 |     60 |   1 |  109.0 |
       Ossuary |    140 |    140 |      0 |      0 |     80 |   1 |  140.0 |
        Bailey |    937 |    937 |      0 |    523 |    287 |   1 |  937.0 |
               +--------+--------+--------+--------+--------+-----+--------+

Top non-repeatable levels by time:
     D:9: 1494 daAuts
     D:4: 1421 daAuts
     D:6: 1382 daAuts
    D:10: 1330 daAuts
     D:1: 1312 daAuts
     D:5: 1287 daAuts
     D:8: 1111 daAuts
     D:3: 1092 daAuts
     D:7: 1022 daAuts
  Bailey: 937 daAuts
     D:2: 707 daAuts
    D:11: 468 daAuts
 Ossuary: 140 daAuts
 Abyss:2: 109 daAuts
  Temple: 18 daAuts
